 Dungeon Crawl Stone Soup version 0.29.1-12-g30fa7ad0bf (webtiles) character file.

Game seed: 17611251524341659666

824 mortz the Cudgeller (level 7, -1/45 HPs)
             Began as a Gargoyle Abyssal Knight on Dec 17, 2022.
             Was an Elder of Lugonu.
             Killed from afar by Maggie (5 damage)
             ... with a puff of flame
             ... on level 6 of the Dungeon.
             The game lasted 00:25:16 (4880 turns).

mortz the Cudgeller (Gargoyle Abyssal Knight)       Turns: 4880, Time: 00:25:17

Health: -1/45      AC: 14    Str: 17    XL:     7   Next: 96%
Magic:  10/10      EV: 10    Int: 10    God:    Lugonu [****..]
Gold:   161        SH:  0    Dex: 11    Spells: 6/6 levels left

rFire   . . .      SeeInvis .   a - +1 mace
rCold   . . .      Faith    .   (no shield)
rNeg    + + .      Spirit   .   n - +0 ring mail
rPois   ∞          Reflect  .   H - +0 helmet
rElec   +          Harm     .   v - +2 ratskin cloak {*Rats rPois rN+ Str-1 Int-1 Dex+1}
rCorr   .          Rampage  .   (no gloves)
Will    .....                   (no boots)
Stlth   +.........              (no amulet)
HPRegen 0.15/turn               d - ring of flight
MPRegen 0.12/turn               (no ring)

@: mighty, flying, mesmerised
A: sickness immunity, AC +4, negative energy resistance 1, electricity
resistance, torment resistance 1, petrification resistance
a: Renounce Religion, Depart the Abyss, Bend Space, Banish, Corrupt


You were on level 6 of the Dungeon.
You worshipped Lugonu.
Lugonu was greatly pleased with you.
You visited 1 branch of the dungeon, and saw 6 of its levels.
You visited the Abyss 1 time.

You collected 210 gold pieces.
You spent 49 gold pieces at shops.

Inventory:

Hand Weapons
 a - a +1 mace (weapon)
 b - a +2 vampiric hand axe
 e - a +0 flail
 C - a +0 hand axe
 G - a +0 trident
Missiles
 c - 33 stones (quivered)
 q - 3 curare-tipped darts
 t - 11 poisoned darts
Armour
 g - a +0 leather armour
 n - a +0 ring mail (worn)
 v - the +2 ratskin cloak (worn) {*Rats rPois rN+ Str-1 Int-1 Dex+1}
   (You found it on level 3 of the Dungeon)

   When the wearer is hurt, rats may emerge from it to assist them.
   Str:       It affects your strength (-1).
   Int:       It affects your intelligence (-1).
   Dex:       It affects your dexterity (+1).
   rPois:     It protects you from poison.
   rN:        It protects you from negative energy.
 H - a +0 helmet (worn)
Magical Staves
 i - a staff of cold
 x - a staff of poison
Jewellery
 d - a ring of flight (left hand)
Wands
 y - a wand of mindburst (7)
 F - a wand of paralysis (1)
Scrolls
 h - a scroll of enchant weapon {unknown}
 k - a scroll of acquirement {unknown}
 p - a scroll of poison {unknown}
 r - a scroll of fog {unknown}
 s - a scroll of vulnerability
 B - 2 scrolls of teleportation {unknown}
 D - a scroll of silence {unknown}
Potions
 f - 2 potions of mutation
 j - a potion of invisibility
 o - 2 potions of cancellation {unknown}
 u - a potion of lignification {unknown}
 w - a potion of flight {unknown}
 z - a potion of heal wounds {unknown}
 A - a potion of magic {unknown}
 E - a potion of ambrosia {unknown}


   Skills:
 + Level 5.7 Fighting
 * Level 6.4 Maces & Flails
 - Level 2.1 Armour
 - Level 0.7 Dodging
 + Level 5.0 Invocations


You had 6 spell levels left.
You didn't know any spells.
Your spell library contained the following spells:

 Spells                   Type           Power      Damage    Failure   Level
 Blink                    Tloc           0%         N/A       71%         2
 Lesser Beckoning         Tloc           0%         N/A       90%         3
 Manifold Assault         Tloc           0%         N/A       100%        5


Dungeon Overview and Level Annotations

Branches:
Dungeon (6/15) Zot: 26882  Temple (0/1) D:5

Altars:
Vehumet

Shops:
D:4 =   D:5 [(

Annotations:
D:6 Maggie


Innate Abilities, Weirdness & Mutations

You are immune to sickness and miasma.
Your stone body is resilient. (AC +4)
You are immune to poison.
You resist negative energy. (rN+)
You are resistant to electric shocks. (rElec)
You are resistant to unholy torment.
You are immune to petrification.


Message History

Maggie shouts!
Maggie zaps a wand.
The puff of flame hits you.
Found a bubbling brown potion.
An iguana comes into view.
Found a metallic sapphire potion.
The iguana hisses angrily.
You hear the slow rusting of a very distant drain.
The iguana attacks as you move away! The iguana barely misses you.
The iguana attacks as you move away! The iguana closely misses you.
You barely miss the iguana. The iguana barely misses you.
You sock the iguana!
The iguana is almost dead.
The iguana misses you.
You hit the iguana.
You kill the iguana!
Lugonu accepts your kill.
Your Invocations skill increases to level 5!
Maggie casts a spell.
Maggie attempts to bespell you!
You are mesmerised by Maggie!
Maggie casts a spell.
Maggie draws you further into her thrall.
Maggie zaps a wand.
The puff of flame misses you.
You sock Maggie!
Maggie is moderately wounded.
You barely miss Maggie.
Maggie is moderately wounded.
Maggie hits you with a +2 morningstar of draining!
* * * LOW HITPOINT WARNING * * *
You sock Maggie!
Maggie is heavily wounded.
Maggie zaps a wand.
The puff of flame hits you.
* * * LOW HITPOINT WARNING * * *
A hell rat scurries out from under your cloak.
You sock Maggie!
Maggie is heavily wounded.
Maggie hits you with a +2 morningstar of draining.
* * * LOW HITPOINT WARNING * * *
Maggie zaps a wand.
The puff of flame hits you.
You die...

### #.. #.# #.#
##.## #...#
#.†r# #..@#
####..@## #
#.......#.# ##
#!...##.#.# >..
+.........#
...#....##.#####
#...!.. #.#...
#..#####.#.#####
#
##..............
.


You could see Maggie (mesmerising, ally target) and a friendly hell rat.

Vanquished Creatures
  An ogre (D:6)
  2 scorpions (D:5)
  A bullfrog (D:5)
  A hound (D:5)
  A gnoll bouda (D:6)
  3 iguanas
  2 orc wizards (D:4)
  5 gnolls
  4 adders
  4 dart slugs
  6 orcs
  7 ball pythons
  3 endoplasms
  A giant cockroach (D:4)
  7 goblins
  2 hobgoblins (D:2)
  11 kobolds
  3 quokkas
  5 bats
  5 frilled lizards
  10 rats
84 creatures vanquished.

Vanquished Creatures (collateral kills)
  Pargi (D:3)
  A scorpion (D:5)
  An iguana (D:5)
  3 gnolls
6 creatures vanquished.

Grand Total: 90 creatures vanquished

Notes
Turn   | Place    | Note
-------+----------+-------------------------------------------
     0 | Abyss:1  | mortz the Gargoyle Abyssal Knight began the quest for the
                  | Orb.
     0 | Abyss:1  | Reached XP level 1. HP: 14/14 MP: 2/2
     1 | D:1      | Escaped the Abyss
   305 | D:1      | Reached XP level 2. HP: 18/19 MP: 3/3
  1049 | D:1      | Found a faded altar of an unknown god.
  1173 | D:1      | Reached XP level 3. HP: 23/23 MP: 4/4
  1209 | D:2      | Reached skill level 3 in Maces & Flails
  1318 | D:2      | Reached *** piety under Lugonu
  1837 | D:3      | Reached XP level 4. HP: 27/29 MP: 4/6
  1999 | D:3      | Found a radiant altar of Vehumet.
  2018 | D:3      | Found the +2 ratskin cloak {*Rats rPois rN+ Str-1 Int-1
                  | Dex+1}
  2259 | D:3      | Noticed Pargi
  2275 | D:3      | Killed Pargi
  2276 | D:3      | Reached skill level 4 in Maces & Flails
  2276 | D:3      | Reached XP level 5. HP: 8/34 MP: 7/7
  2846 | D:4      | Reached XP level 6. HP: 33/39 MP: 8/8
  3268 | D:4      | Found Fiudeat's One-of-a-Kind Rings.
  3445 | D:4      | Reached **** piety under Lugonu
  3598 | D:5      | Entered Level 5 of the Dungeon
  3708 | D:5      | Found Fess's Weapon Shoppe.
  3762 | D:5      | Reached skill level 5 in Maces & Flails
  3830 | D:5      | Reached skill level 5 in Fighting
  3830 | D:5      | Reached XP level 7. HP: 31/44 MP: 10/10
  4343 | D:5      | Found a staircase to the Ecumenical Temple.
  4660 | D:5      | Found Nyzen's Armour Shop.
  4663 | D:5      | Bought a +0 helmet for 49 gold pieces
  4802 | D:6      | Reached skill level 6 in Maces & Flails
  4856 | D:6      | Noticed Maggie
  4873 | D:6      | Reached skill level 5 in Invocations
  4880 | D:6      | Killed from afar by Maggie

Illustrated notes

Levels and vault maps discovered:
D:1:      dpeg_arrival_houses_and_road, layout_basic,
          dreamdust_ecumenical_altar_angels_and_demons
D:2:      layout_rooms, serial_glass, glass_columns_b, glass_columns_a,
          glass_columns_c
D:3:      layout_loops_ring, lemuel_round_altar, uniq_pargi
D:4:      layout_loops_ring, nicolae_shop_unique_rings
D:5:      layout_rooms, minmay_temple_entry_ruins, serial_shops, shop_statue,
          kennysheep_mini, sigmund_army
D:6:      layout_basic, gup_sewer_entry_bowl, minmay_misc_feat_enclosed,
          uniq_blork_the_orc, uniq_maggie

Skill      XL: |  1  2  3  4  5  6  7 |
---------------+----------------------+-----
Maces & Flails | 3 4 5 6 |  6.4
Fighting       | 4 5 |  5.7
Invocations    | 3 4 5 |  5.0
Armour         | |  2.1
Dodging        | |  0.7

Action                   |  1- 3 |  4- 6 |  7- 9 || total
-------------------------+-------+-------+-------++-------
Melee: Mace              |   112 |   130 |    57 ||   299
       Punch             |       |     1 |       ||     1
Throw: Stone             |     3 |     7 |     4 ||    14
       Dart              |       |     1 |       ||     1
Evoke: Wand              |       |     4 |     3 ||     7
  Use: Scroll            |     2 |     2 |     1 ||     5
       Potion            |       |       |     2 ||     2
Armor: Leather armour    |    39 |       |       ||    39
       Ring mail         |     7 |    79 |    22 ||   108
Dodge: Dodged            |    62 |    87 |    30 ||   179
